 Dungeon Sprint DCSS version 0.32-a0-918-g0f22ef8d61 (webtiles) character file.

Game seed: 3745763858783137674

35 retardedninja the Trooper (level 3, 0/49 HPs)
             Began as a Coglin Fighter on Apr 11, 2024.
             Shot with an arrow by a centaur (15 damage)
             ... in the Dungeon (Sprint IX: "|||||||||||||||||||||||||||||").
             The game lasted 00:00:37 (52 turns).

retardedninja the Trooper (Coglin Fighter)            Turns: 52, Time: 00:00:43

Health: 0/49       AC:  7    Str: 18    XL:     3   Next: 33%
Magic:  3/3        EV:  8    Int:  7    God:
Gold:   0          SH:  0    Dex: 13    Spells: 2/2 levels left

rFire   . . .        a - +0 war axe {Ingrid}
rCold   . . .        k - +0 dagger {Alejandra}
rNeg    . . .        b - +0 scale mail
rPois   .            (no helmet)
rElec   .            (no cloak)
rCorr   .            (no gloves)
SInv    .            (no boots)
Will    .....        (amulet unavailable) Stlth
                     (ring unavailable)
HPRegen 0.28/turn    (ring unavailable)
MPRegen 0.08/turn    (no gizmo)

%: no teleportation
@: berserking, on fire, glowing, revving, very quick
A: off-hand wielding, slow wielding, warmup strikes, no jewellery
a: Invent Gizmo


You were in the Dungeon.
You visited 1 branch

Inventory:

Hand Weapons
 a - a +0 war axe (weapon) {Ingrid}
 k - a +0 dagger (offhand) {Alejandra}
Armour
 b - a +0 scale mail (worn)
Scrolls
 j - a scroll of blinking
Potions
 d - a potion of might
 e - a potion of curing
 g - a potion of haste
 h - 2 potions of magic


   Skills:
 * Level 5.2 Fighting
 * Level 3.9 Axes
 + Level 3.7 Armour
 + Level 0.4 Dodging
 - Level 2.1 Shields


You had 2 spell levels left.
You didn't know any spells.
Your spell library was empty.

Dungeon Overview and Level Annotations

Branches:
Dungeon (1/1)

Altars:


Innate Abilities, Weirdness & Mutations

You can wield a second weapon in your off-hand.
It takes a long time for you to wield or remove held weapons.
Your first few attacks do less damage.
You cannot equip rings or amulets.


Message History

The centaur shouts!
The bombardier beetle sprays incendiary fluid at you.
The burning spray hits you.
You are covered in liquid fire!
You shake off some of the fire as you move.
The liquid fire burns you!
The bombardier beetle barely misses you.
There is an open door here.
You slash the bombardier beetle with your +0 war axe!
The bombardier beetle is heavily wounded.
You hit the bombardier beetle but do no damage.
The liquid fire burns you!
* * * LOW HITPOINT WARNING * * *
You feel much better. The liquid fire burns you!
The bombardier beetle barely misses you.
A red film seems to cover your vision as you go berserk!
You feel yourself moving faster!
You feel mighty! The liquid fire burns you!
The bombardier beetle barely misses you.
You puncture the bombardier beetle with your +0 dagger!
The bombardier beetle is almost dead.
You slash the bombardier beetle with your +0 war axe!
You kill the bombardier beetle!
The liquid fire burns you!
Your Fighting skill gained 2 levels and is now at level 5!
Your Axes skill increases to level 3!
You have reached level 2!
You have reached level 3!
Your experience leads to an increase in your attributes!
Increase (S)trength, (I)ntelligence, or (D)exterity?
You feel stronger. x2
Your brain swirls with designs for a turbobooster N-10.
You just need some more time...
You hit the quokka with your +0 dagger.
You kill the quokka!
The liquid fire burns you!
The centaur wields a +1 shortbow of electrocution.
You hear the crackle of electricity.
The centaur shoots an arrow.
The arrow hits you!
You are electrocuted!
You die...

▓.▓
▓.▓
▓)▓
▓(▓
▓.▓
▓.▓
▓.▓
▓.▓
▓@▓
▓†▓
▓.▓
▓c▓
▓r▓
▓l▓
▓+▓


You could see a centaur, an iguana and a quokka.

Vanquished Creatures
  A bombardier beetle (D)
  A bat (D)
  An endoplasm (D)
  A goblin (D)
  A quokka (D)
  A frilled lizard (D)
  A kobold (D)
7 creatures vanquished.

Notes
Turn   | Place    | Note
-------+----------+-------------------------------------------
     0 | D        | retardedninja the Coglin Fighter began the quest for the
                  | Orb.
     0 | D        | Reached XP level 1. HP: 18/18 MP: 1/1
    46 | D        | Noticed a bombardier beetle
    46 | D        | Noticed a centaur
    46 | D        | Noticed an iguana
    51 | D        | Killed a bombardier beetle
    52 | D        | Reached skill level 5 in Fighting
    52 | D        | Reached XP level 2. HP: 23/27 MP: 2/2
    52 | D        | Reached XP level 3. HP: 28/33 MP: 3/3
    52 | D        | Shot with an arrow by a centaur

Illustrated notes

Levels and vault maps discovered:
D:        linesprint [early_d, line_temple, items_1, d_10, items_2, lair_1,
          lair_end, items_3, orc_1, orc_end, items_4, d_15, swamp_1, shoals_1,
          snake_1, spider_1, d_20, vaults_1, items_5, swamp_end, shoals_end,
          snake_end, spider_end, vaults_end, d_27, items_6, zot_1, zot_end,
          crypt_end, forest_end, elf_end, slime_end, tomb_end, abyss_end,
          pan_hell_end]

Skill      XL: |  1 |
---------------+----+-----
Armour         | 3 |  3.7
Fighting       | 5 |  5.2
Axes           | 3 |  3.9
Dodging        | |  0.4
Shields        | |  2.1

Action                     || total
---------------------------++-------
  Melee: War axe           ||    10
         Dagger            ||     3
    Use: Potion            ||     2
 Armour: Scale mail        ||     5
  Dodge: Dodged            ||     6
  Block: Buckler           ||     2

Table legend: (Time is in decaauts)
 A = Elapsed time spent in this place.
 B = Non-inter-level travel time spent in this place.
 C = Inter-level travel time spent in this place.
 D = Time resting spent in this place.
 E = Time spent auto-exploring this place.
 F = Levels seen in this place.
 G = Mean time per level.
                   A        B        C        D        E       F      G
               +--------+--------+--------+--------+--------+-----+--------+
         Total |     55 |     55 |      0 |      4 |      0 |   1 |   55.0 |
       Dungeon |     55 |     55 |      0 |      4 |      0 |   1 |   55.0 |
               +--------+--------+--------+--------+--------+-----+--------+

Top non-repeatable levels by time:
       D: 55 daAuts
